 Dungeon Crawl Stone Soup version 0.23.0 (webtiles) character file.

Game seed: 11986176646026674296

34 Ivernyr the Insei (level 3, -1/18 HPs)
             Began as a Vine Stalker Transmuter on Feb 18, 2019.
             Slain by a centaur (2 damage)
             ... on level 2 of the Dungeon.
             The game lasted 00:03:43 (1720 turns).

Ivernyr the Insei (Vine Stalker Transmuter)         Turns: 1720, Time: 00:03:44

Health: -1/18      AC:  2    Str: 12    XL:     3   Next: 31%
Magic:  0/7        EV: 12    Int: 14    God:
Gold:   43         SH:  0    Dex: 14    Spells: 1/7 levels left

rFire    . . .     SeeInvis .     - Unarmed
rCold    . . .     Gourm    .   (no shield)
rNeg     . . .     Faith    .   b - +0 robe
rPois    .         Spirit   +   (no helmet)
rElec    .         Reflect  .   (no cloak)
rCorr    .         Harm     .   (no gloves)
MR       .....     Rnd*Tele +   (boots currently unavailable)
Stlth    +.........             (no amulet)
HPRegen  0.06/turn              c - ring of teleportation (curse)
MPRegen  0.10/turn              i - ring of flight

@: appendage (expiring)
A: fangs 2, talons 3, magic shield, antimagic bite, no potion heal 3, rot
immunity
a: End Transformation, Evoke Flight


You were on level 2 of the Dungeon.
You were not hungry.
You had grown temporary talons.
You visited 1 branch of the dungeon, and saw 2 of its levels.

You collected 43 gold pieces.

Inventory:

Missiles
 a - 12 arrows
Armour
 b - a +0 robe (worn)
Jewellery
 c - a cursed ring of teleportation (left hand)
 i - a ring of flight (right hand)
Scrolls
 f - a scroll of identify {unknown}
 g - a scroll of enchant weapon {unknown}
Potions
 e - a potion of heal wounds {unknown}
 h - a potion of curing {unknown}
Comestibles
 d - 4 rations


   Skills:
 - Level 1.1 Fighting
 + Level 1.9 Dodging
 + Level 3.1 Unarmed Combat
 + Level 2.5 Spellcasting
 * Level 2.7 Transmutations


You had one spell level left.
You knew the following spells:

 Your Spells              Type           Power        Failure   Level  Hunger
a - Beastly Appendage     Tmut           #.....       8%          1    #......
b - Sticks to Snakes      Tmut           #.......     11%         2    ###....
c - Spider Form           Tmut/Pois      #.........   36%         3    ###....

Your spell library contained the following spells:

 Spells                   Type           Power        Failure   Level  Hunger
 Ice Form                 Ice/Tmut       #.......     77%         4    #####..
 Blade Hands              Tmut           #.........   90%         5    ######.


Dungeon Overview and Level Annotations

Branches:
Dungeon (2/15)

Altars:


Innate Abilities, Weirdness & Mutations

You have extremely sharp teeth.
When hurt, damage is shared between your health and your magic reserves.
Your bite disrupts and absorbs the magic of your enemies.
Potions cannot restore your health.
You are immune to rotting.
You have claws for feet.


Message History

* * * LOW HITPOINT WARNING * * *
You hit the centaur.
You punch the centaur, but do no damage.
You bite the centaur, but do no damage.
The centaur is lightly wounded.
The centaur hits you.
* * * LOW HITPOINT WARNING * * *
The centaur hits you.
* * * LOW HITPOINT WARNING * * *
You hit the centaur.
The centaur is lightly wounded.
The centaur hits you.
You barely miss the centaur. You claw the centaur.
You bite the centaur, but do no damage.
The centaur is moderately wounded.
The centaur barely misses you. x2
You hit the centaur. You bite the centaur, but do no damage.
The centaur is moderately wounded.
The centaur hits you.
You die...

##########
#.@c.....# #
#.######.#
#.##.####
#.#
#.......#
#.#
####.##.#
#.# #.##.#
#.#
#.##.###.#
###........#
#........###


You could see a centaur.

Vanquished Creatures
  A leopard gecko (D:1)
  5 bats
  3 giant cockroaches
  A goblin (D:2)
  5 hobgoblins (D:1)
  6 jackals (D:1)
  A frilled lizard (D:1)
  6 rats (D:1)
28 creatures vanquished.

Notes
Turn   | Place    | Note
-------+----------+-------------------------------------------
     0 | D:1      | Ivernyr the Vine Stalker Transmuter began the quest for the
                  | Orb.
     0 | D:1      | Reached XP level 1. HP: 9/9 MP: 4/4
    73 | D:1      | Reached skill level 1 in Fighting
   133 | D:1      | Reached XP level 2. HP: 12/14 MP: 6/6
   137 | D:1      | Learned a level 2 spell: Sticks to Snakes
   975 | D:1      | Reached XP level 3. HP: 17/18 MP: 5/7
  1003 | D:1      | Learned a level 3 spell: Spider Form
  1710 | D:2      | Noticed a centaur
  1720 | D:2      | Slain by a centaur

Skill      XL: |  1 |
---------------+----+-----
Fighting       | 1 |  1.1
Dodging        | |  1.9
Unarmed Combat | |  3.1
Spellcasting   | |  2.5
Transmutations | |  2.7

Action                   || total
-------------------------++-------
Melee: Unarmed           ||   100
       Bite              ||    24
       Kick              ||     7
       Headbutt          ||     3
       Punch             ||     2
 Cast: Beastly Appendage ||    11
 Stab: Sleeping          ||     1
  Eat: Chunk             ||     3
Armor: Robe              ||    20
Dodge: Dodged            ||    59
